AoeStats
← acardonahenao99

Arena

510355271Analyzed
3v3 RM · 1d ago on Sep 30, 2026· 58m 39s· 6 players
Game mode
Random Map
Map size
Normal (6 player)
Population
200
Speed
Normal
Resources
Standard
Victory
Conquest
Starting age
Dark Age
Ending age
Imperial Age
RankedLock teamsTeams togetherTeam positionsShared explorationLock speedFull tech treeHidden civsTurbo modeCheats
Victory
Defeat
🇨🇴 Khmer · Colombia
615
+7
🇮🇱 Sicilians · Israel
606
+8
🇨🇴 Persians · Colombia
599
+8
🇧🇷 Portuguese · Brazil
449
-8
🇨🇳 Saracens · China
435
-9
🇨🇭 Vietnamese · Switzerland
327
-6
Max PaUra
0:32 Loom
14:49 Feudal Age
17:08 Wheelbarrow
16:20 Town Watch
16:49 Arson
21:38 Double-Bit Axe
22:08 Forging
22:36 Scale Barding Armor
23:16 Fletching
26:46 Padded Archer Armor
26:47 Scale Mail Armor
30:03 Castle Age
31:07 Bow Saw
32:04 Crossbowman
33:22 Hand Cart
33:31 Horse Collar
36:04 Pikeman
36:46 Squires
37:16 Heavy Plow
42:21 Imperial Age
41:09 Gold Mining
41:58 Iron Casting
41:19 Bodkin Arrow
41:41 Leather Archer Armor
42:26 Chatras
42:58 Capped Ram
44:44 Elite Battle Elephant
45:54 Chain Barding Armor
45:41 Halberdier
47:03 Fortified Wall
48:08 Chemistry
50:23 Bracer
50:34 Arbalester
55:20 Ring Archer Armor
Cowhorse
10:07 Feudal Age
10:41 Horse Collar
10:49 Double-Bit Axe
12:35 Loom
20:12 Castle Age
18:39 Forging
19:36 Scale Barding Armor
20:56 Heavy Plow
21:47 Wheelbarrow
22:27 Bow Saw
23:48 Stone Mining
28:43 Hand Cart
29:13 Caravan
30:18 Town Watch
30:59 Gold Mining
33:57 Imperial Age
31:17 Town Watch
32:03 Fervor
32:06 Town Patrol
32:45 Iron Casting
33:27 Gold Shaft Mining
33:52 Chain Barding Armor
33:46 Husbandry
33:57 Bloodlines
35:18 Conscription
36:57 Bimaristan
38:13 Blast Furnace
37:50 Plate Barding Armor
39:47 Theocracy
39:28 Block Printing
39:39 Illumination
39:56 Masonry
40:46 Chemistry
40:07 Ballistics
39:47 Light Cavalry
40:37 Elite Mameluke
Danilo Rib
13:28 Feudal Age
14:51 Wheelbarrow
13:59 Horse Collar
14:08 Double-Bit Axe
14:19 Town Watch
14:22 Loom
22:54 Castle Age
21:22 Stone Mining
22:38 Gold Mining
23:58 Hand Cart
23:53 Heavy Plow
25:32 Bow Saw
28:10 Padded Archer Armor
28:00 Fletching
30:25 Treadmill Crane
34:39 Imperial Age
35:48 Ballistics
38:18 Conscription
38:57 Heated Shot
41:52 Thumb Ring
41:08 Elite Skirmisher
43:57 Chemistry
44:01 Two-Man Saw
43:35 Crop Rotation
42:41 Imperial Skirmisher
42:42 Crossbowman
44:42 Town Patrol
45:16 Arbalester
47:54 Leather Archer Armor
47:40 Scale Mail Armor
47:46 Scale Barding Armor
48:30 Stone Shaft Mining
47:54 Bodkin Arrow
48:10 Forging
54:09 Bombard Tower
56:48 Ring Archer Armor
56:19 Bracer
56:54 Iron Casting
56:34 Chain Mail Armor
56:40 Chain Barding Armor
56:22 Capped Ram
acardonahenao99
5:22 Loom
5:50 Loom
13:31 Feudal Age
21:02 Castle Age
20:51 Gold Mining
20:58 Double-Bit Axe
20:56 Horse Collar
22:14 Bow Saw
23:53 Wheelbarrow
23:06 Town Watch
28:18 Hand Cart
30:30 Heavy Plow
31:00 Gold Mining
31:03 Stone Mining
35:47 Imperial Age
33:55 Gold Shaft Mining
33:59 Stone Shaft Mining
33:38 Husbandry
33:46 Scale Barding Armor
33:52 Forging
33:43 Scale Mail Armor
37:49 Imperial Age
36:25 Bloodlines
36:19 Murder Holes
36:35 Masonry
37:04 Caravan
36:43 Pikeman
37:09 Arson
39:15 Conscription
41:29 Chemistry
40:51 Ballistics
40:37 Siege Engineers
41:03 Architecture
41:45 Heavy Scorpion
43:45 Elite Ballista Elephant
49:38 Chain Barding Armor
49:54 Iron Casting
49:12 Fletching
49:38 Chain Mail Armor
49:35 Double Crossbow
54:57 Plate Barding Armor
55:23 Blast Furnace
54:18 Bodkin Arrow
56:35 Tusk Swords
57:19 Hoardings
57:18 Crop Rotation
57:34 Devotion
57:44 Halberdier
Renyman III
10:48 Feudal Age
11:37 Double-Bit Axe
11:38 Horse Collar
16:37 Castle Age
16:57 Loom
17:27 Bow Saw
17:12 Stone Mining
29:37 Heavy Plow
33:19 Wheelbarrow
39:48 Imperial Age
40:26 Thumb Ring
39:52 Heavy Scorpion
40:20 Crossbowman
41:14 Capped Ram
42:51 Scale Barding Armor
43:58 Husbandry
43:20 Cavalier
44:24 Padded Archer Armor
44:15 Fletching
48:21 Hand Cart
49:11 Two-Man Saw
48:46 Crop Rotation
51:32 Gold Mining
51:54 Town Watch
52:55 Ballistics
53:19 Savar
55:51 Town Patrol
58:18 Chemistry
Flanker2020
5:53 Loom
12:12 Feudal Age
12:49 Gold Mining
12:53 Double-Bit Axe
12:50 Horse Collar
17:13 Gold Mining
17:25 Stone Mining
20:25 Castle Age
19:17 Forging
21:35 Bow Saw
23:51 Wheelbarrow
23:39 Heavy Plow
26:02 Scale Mail Armor
26:38 Town Watch
28:02 Hand Cart
28:51 Gold Shaft Mining
30:24 Stone Shaft Mining
33:07 Imperial Age
31:07 Chain Mail Armor
31:28 Iron Casting
31:36 Masonry
31:22 Murder Holes
32:13 Iron Casting
31:06 Pikeman
31:32 Gambesons
33:15 Town Patrol
33:22 Squires
33:24 Elite Serjeant
35:09 Blast Furnace
35:54 Conscription
35:18 Halberdier
37:03 Caravan
38:11 Plate Mail Armor
37:34 Man-at-Arms
38:41 Ballistics
39:26 Chemistry
39:14 Crop Rotation
38:30 Long Swordsman
40:20 Hauberk
39:44 Two-Handed Swordsman
40:47 Fletching
40:57 Padded Archer Armor
44:08 Champion
47:00 Hoardings
Connection lost

Rejoining the realm…

Still unreachable

The connection could not be restored.

Session expired

The server has moved on; the page needs a fresh start.